 Dungeon Crawl Stone Soup version 0.22.1-1-ga44c0e56f4 (webtiles) character file.

2883 Kohma the Cleaver (level 9, 0/81 HPs)
             Began as a Hill Orc Fighter on Oct 9, 2018.
             Was a Follower of Beogh.
             Slain by an unseen horror (3 damage)
             ... on level 8 of the Dungeon.
             The game lasted 00:27:01 (8510 turns).

Kohma the Cleaver (Hill Orc Fighter)                Turns: 8510, Time: 00:27:02

Health: 0/81       AC: 13    Str: 27    XL:     9   Next: 76%
Magic:  9/9        EV:  6    Int:  8    God:    Beogh [*.....]
Gold:   503        SH: 12    Dex: 10    Spells: 8/8 levels left

rFire    . . .     SeeInvis .   a - +0 war axe
rCold    . . .     Gourm    .   c - +0 shield
rNeg     . . .     Faith    +   n - +0 plate armour
rPois    +         Spirit   .   j - +0 helmet
rElec    .         Reflect  .   (no cloak)
rCorr    .         Harm     .   (no gloves)
MR       +....                  w - +0 pair of boots
Stlth    ..........             m - amulet of faith
HPRegen  0.23/turn              N - ring of poison resistance
MPRegen  0.11/turn              J - ring of protection from magic

@: mighty
A: no striking features
a: Renounce Religion


You were on level 8 of the Dungeon.
You worshipped Beogh.
Beogh was aware of your devotion.
You were hungry.

You visited 2 branches of the dungeon, and saw 9 of its levels.
You also visited: Ossuary.

You collected 503 gold pieces.

Inventory:

Hand Weapons
 a - a +0 war axe (weapon)
 i - a +2 whip of venom
 z - a +0 blowgun
 B - a +0 short sword of speed
 P - a cursed +1 halberd
Missiles
 l - a throwing net (quivered)
 A - 46 poisoned needles
Armour
 c - a +0 shield (worn)
 j - a +0 helmet (worn)
 n - a +0 plate armour (worn)
 w - a +0 pair of boots (worn)
Jewellery
 b - an uncursed ring of fire
 m - an amulet of faith (around neck)
 I - a +3 ring of strength
 J - a ring of protection from magic (right hand)
 N - a ring of poison resistance (left hand)
Wands
 o - a wand of flame (32)
 y - a wand of enslavement (19)
 H - a wand of disintegration (30)
 O - a wand of paralysis (24)
Scrolls
 p - 4 scrolls of teleportation
 q - 2 scrolls of amnesia
 r - 2 scrolls of fear
 t - 2 scrolls of remove curse
 u - a scroll of immolation
Potions
 d - a potion of might
 e - 7 potions of curing
 g - a potion of cancellation
 k - 2 potions of magic
 s - a potion of agility
 C - a potion of ambrosia
 E - 2 potions of flight {unknown}
 F - a potion of heal wounds {unknown}
 G - a potion of invisibility
 K - 3 potions of lignification
 L - a potion of brilliance {unknown}
Comestibles
 f - 11 rations
 h - 12 chunks of flesh


   Skills:
 + Level 7.9 Fighting
 * Level 11.0 Axes
 - Level 3.2 Armour
 * Level 9.8 Shields


You had 8 spell levels left.
You didn't know any spells.
Your spell library was empty.

Dungeon Overview and Level Annotations

Branches:
Dungeon (8/15)             Temple (1/1) D:6            Lair (0/6) D:8

Altars:
Ashenzari
Dithmenos
Elyvilon
Fedhas
Gozag
Hepliaklqana
Kikubaaqudgha
Makhleb
Nemelex Xobeh
Okawaru
Qazlal
Ru
Sif Muna
Trog
Uskayaw
Vehumet
Wu Jian
Xom
Yredelemnul
Zin
The Shining One


Message History

Something hits you.
* * * LOW HITPOINT WARNING * * *
You closely miss something. Something hits you but does no damage.
Something hits you but does no damage. Something hits you but does no damage.
Something completely misses you. Something hits you but does no damage.
Something hits you but does no damage.
There is an open door here.
You block something's attack. Something hits you but does no damage.
Something hits you but does no damage.
Something hits you but does no damage. x2
You slice something!! Something hits you!
* * * LOW HITPOINT WARNING * * *
Something hits you but does no damage.
There is an open door here.
Something hits you.
* * * LOW HITPOINT WARNING * * *
Something hits you.
You die...

##...##
#...##...#####.##
##...####..#....##
##.#
##................#
### ###
##............###..#
##.###...........###
##.#
#................#
#.##
###..#############
##.#
#.######....####
#### ###
#..'....'.@# #..
#..#....#..### ..#
###..#####.####.#
##.#.#''#.#.#.#...#
#.%.....%........#
#..P.....%%..##..##
#...%%....P..###..##
#............# ##..#
###.#..###...# #..#


There were no monsters in sight!

Vanquished Creatures
  A hungry ghost (D:7)
  2 wraiths (Ossuary)
  3 sky beasts (D:7)
  3 ogres
  A centaur (D:4)
  An elf zombie (D:4)
  A big kobold (D:8)
  5 bullfrogs
  A scorpion (D:6)
  5 wights
  A crimson imp (D:8)
  A quasit (D:8)
  A bullfrog zombie (D:5)
  A centaur zombie (D:7)
  An orc priest (D:7)
  3 hounds
  A gnoll shaman (D:6)
  3 human skeletons (D:4)
  3 bullfrog skeletons
  2 iguanas
  2 orc wizards
  9 worker ants
  9 gnolls
  10 adders
  2 oozes
  3 adder skeletons
  3 adder zombies
  6 worms
  4 dart slugs
  6 leopard geckos
  14 orcs
  11 bats
  7 giant cockroaches
  14 goblins
  10 hobgoblins
  9 jackals
  6 kobolds
  A quokka (D:5)
  2 ball python skeletons (Ossuary)
  7 frilled lizards
  A giant cockroach zombie (D:5)
  2 hobgoblin skeletons (Ossuary)
  A jackal zombie (D:7)
  2 orc skeletons
  3 orc zombies
  7 rats
191 creatures vanquished.

Notes
Turn   | Place    | Note
-------+----------+-------------------------------------------
     0 | D:1      | Kohma the Hill Orc Fighter began the quest for the Orb.
     0 | D:1      | Reached XP level 1. HP: 19/19 MP: 1/1
    91 | D:1      | Reached skill level 3 in Axes
    96 | D:1      | Reached XP level 2. HP: 20/27 MP: 2/2
   301 | D:1      | Reached XP level 3. HP: 32/33 MP: 3/3
   855 | D:2      | Reached skill level 4 in Axes
   913 | D:2      | Reached XP level 4. HP: 25/40 MP: 4/4
  1140 | D:2      | Found a shadowy altar of Dithmenos.
  1176 | D:2      | Found an ancient bone altar of Kikubaaqudgha.
  1177 | D:2      | Found a white marble altar of Elyvilon.
  1177 | D:2      | Found a deep blue altar of Sif Muna.
  1999 | D:3      | Reached XP level 5. HP: 43/47 MP: 5/5
  2504 | D:4      | Found a hide-covered altar of Uskayaw.
  2523 | D:4      | Reached skill level 5 in Axes
  2605 | D:4      | Reached skill level 5 in Shields
  2617 | D:4      | Found a sand-covered staircase.
  2634 | Ossuary  | Entered an ossuary
  2687 | Ossuary  | Reached XP level 6. HP: 53/53 MP: 6/6
  2745 | Ossuary  | Noticed a wraith
  2745 | Ossuary  | Noticed a flying skull
  2755 | Ossuary  | Noticed a flying skull
  2757 | Ossuary  | Noticed a flying skull
  2781 | Ossuary  | Noticed a flying skull
  2788 | Ossuary  | Noticed a wraith
  2798 | Ossuary  | Killed a wraith
  2798 | Ossuary  | Reached skill level 5 in Fighting
  2798 | Ossuary  | Reached skill level 6 in Axes
  2946 | Ossuary  | Noticed a wraith
  2952 | Ossuary  | Killed a wraith
  2952 | Ossuary  | Reached XP level 7. HP: 44/61 MP: 7/7
  3039 | Ossuary  | Noticed a flying skull
  3398 | D:4      | Reached skill level 7 in Axes
  3784 | D:4      | Got a twisted leather armour
  3811 | D:4      | Identified the +2 leather armour "Acramuri" {+Inv Str+4
                  | Dex+4} (You found it on level 4 of the Dungeon)
  4176 | D:4      | Reached XP level 8. HP: 65/70 MP: 8/8
  4413 | D:5      | Entered Level 5 of the Dungeon
  4549 | D:5      | Reached skill level 8 in Axes
  4803 | D:5      | Found a blossoming altar of Fedhas.
  4903 | D:5      | Found a sacrificial altar of Ru.
  5327 | D:6      | Found a staircase to the Ecumenical Temple.
  5341 | Temple   | Entered the Ecumenical Temple
  5733 | D:6      | Reached skill level 9 in Axes
  6530 | D:7      | Reached XP level 9. HP: 74/78 MP: 9/9
  6557 | D:7      | Found a sparkling altar of Nemelex Xobeh.
  6679 | D:7      | Became a worshipper of Beogh the Brigand
  6948 | D:7      | Reached skill level 10 in Axes
  7500 | D:7      | Reached * piety under Beogh
  8322 | D:8      | Found a staircase to the Lair.
  8435 | D:8      | Reached skill level 11 in Axes
  8509 | D:8      | HP: 3/81 [something (4)]
  8510 | D:8      | Slain by an unseen horror

Skill      XL: |  1  2  3  4  5  6  7  8  9 |
---------------+----------------------------+-----
Axes           | 3 4 5 6 7 9 11 | 11.0
Fighting       | 4 5 6 7 |  7.9
Shields        | 4 5 6 8 9 |  9.8
Armour         | |  3.2

Action                   |  1- 3 |  4- 6 |  7- 9 || total
-------------------------+-------+-------+-------++-------
Melee: War axe           |   111 |   178 |   531 ||   820
Invok: Convert to Beogh  |       |       |     1 ||     1
  Use: Scroll            |       |     6 |    14 ||    20
       Potion            |       |       |     2 ||     2
  Eat: Chunk             |       |     6 |    16 ||    22
       Ration            |       |       |     2 ||     2
Armor: Scale mail        |    51 |    61 |       ||   112
       Ring mail         |       |    17 |    32 ||    49
       Plate armour      |       |       |   201 ||   201
Dodge: Dodged            |    36 |    55 |    90 ||   181
Block: Shield            |    55 |    89 |   254 ||   398
